 Dungeon Crawl Stone Soup version 0.29.1-15-g9cfb28693d (webtiles) character file.

Game seed: 8202255725666660310

109830 EarthwalkerPL the Tortoise (level 16, -8/150 HPs)
             Began as a Minotaur Fighter on May 2, 2023.
             Was the Champion of Okawaru.
             Killed by vampiric draining
             ... invoked by a vampire knight
              (25 damage)
             ... on level 2 of the Depths.
             The game lasted 01:03:27 (30471 turns).

EarthwalkerPL the Tortoise (Minotaur Fighter)      Turns: 30471, Time: 01:03:28

Health: -8/150     AC: 35    Str: 26    XL:     16   Next: 5%
Magic:  21/21      EV: 14    Int:  2    God:    Okawaru [******]
Gold:   1923       SH: 11    Dex: 11    Spells: 15/15 levels left

rFire   . . .      SeeInvis +   g - +5 broad axe (chaos)
rCold   + + +      Faith    .   S - +0 kite shield {rC+}
rNeg    . . .      Spirit   .   b - +9 plate armour of Lethargy {-Cast rPois rCorr Int-5}
rPois   +          Reflect  .   F - +1 hat {SInv}
rElec   .          Harm     .   k - +0 cloak {Will+}
rCorr   +          Rampage  .   e - -1 pair of gloves of Limited Liability {+Inv Regen+}
Will    ++...      NoCast   +   K - +4 pair of boots of Zumitits {rC++}
Stlth   ..........              j - amulet of the acrobat
HPRegen 1.15/turn               B - ring of flight
MPRegen 0.17/turn               E - +4 ring of evasion

@: flying
A: horns 2, retaliatory headbutt
a: Renounce Religion, Evoke Invisibility, Heroism, Finesse, Duel


You were on level 2 of the Depths.
You worshipped Okawaru.
Okawaru was exalted by your worship.
You visited 5 branches of the dungeon, and saw 25 of its levels.
You also visited: Ice Cave.

You collected 2140 gold pieces.
You spent 217 gold pieces at shops.

Inventory:

Hand Weapons
 g - a +5 broad axe of chaos (weapon)
 X - the +9 hand crossbow of Waushryes {speed, Int+7 Dex+4 Stlth-}
   (Okawaru gifted it to you on level 1 of the Lair of Beasts)

   Attacks with this weapon are significantly faster.
   Int:       It affects your intelligence (+7).
   Dex:       It affects your dexterity (+4).
   Stlth:     It makes you less stealthy.
Missiles
 o - 8 throwing nets
 p - 48 poisoned darts
 D - 18 boomerangs
 M - 7 curare-tipped darts (quivered)
 R - 4 datura-tipped darts
 U - 6 javelins
 Z - a silver javelin
Armour
 b - the +9 plate armour of Lethargy (worn) {-Cast rPois rCorr Int-5}
   (Okawaru gifted it to you on level 13 of the Dungeon)

   Int:       It affects your intelligence (-5).
   rPois:     It protects you from poison.
   -Cast:     It prevents spellcasting.
   rCorr:     It protects you from acid and corrosion.
 e - the -1 pair of gloves of Limited Liability (worn) {+Inv Regen+}
   (Okawaru gifted it to you on level 15 of the Dungeon)

   +Inv:      It lets you turn invisible.
   Regen:     It increases your rate of health regeneration.
 k - a +0 cloak of willpower (worn)
 F - a +1 hat of see invisible (worn)
 K - the +4 pair of boots of Zumitits (worn) {rC++}
   (You found it on level 8 of the Dungeon)

   rC:        It greatly protects you from cold.
 S - a +0 kite shield of cold resistance (worn)
Jewellery
 a - the ring "Joef" {Wiz rElec}
   (You took it off a spriggan on level 5 of the Lair of Beasts)

   [ring of wizardry]

   It improves your spell success rate.
   rElec:     It insulates you from electricity.
 j - an amulet of the acrobat (around neck)
 u - a ring of positive energy
 x - a +6 ring of dexterity
 B - a ring of flight (left hand)
 E - a +4 ring of evasion (right hand)
 G - a ring of poison resistance
 N - a ring of protection from fire
Wands
 m - a wand of paralysis (21)
 O - a wand of flame (21)
 V - a wand of polymorph (8)
 Y - a wand of quicksilver (1)
Scrolls
 l - 6 scrolls of blinking
 q - 5 scrolls of enchant armour
 r - 4 scrolls of noise
 t - 5 scrolls of amnesia
 y - 3 scrolls of magic mapping
 C - 7 scrolls of poison
 H - 4 scrolls of immolation
 J - a scroll of identify
 L - 2 scrolls of fog
 T - 2 scrolls of torment
 W - 3 scrolls of vulnerability
Potions
 c - a potion of mutation
 d - 3 potions of might
 f - 6 potions of attraction
 h - 2 potions of resistance
 i - a potion of brilliance
 n - a potion of berserk rage
 s - 6 potions of lignification
 v - 2 potions of invisibility
 w - 7 potions of heal wounds
 z - a potion of degeneration
 A - 2 potions of magic {unknown}
 I - 5 potions of curing {unknown}
 P - a potion of flight {unknown}
 Q - a potion of haste


   Skills:
 * Level 15.7 Fighting
 * Level 15.5 Axes
 * Level 10.4 Ranged Weapons
 + Level 8.2 Throwing
 * Level 15.8 Armour
 + Level 9.1 Dodging
 + Level 11.6 Shields
 + Level 8.4 Invocations


You had 15 spell levels left.
You didn't know any spells.
Your spell library contained the following spells:

 Spells                   Type           Power      Damage    Failure   Level
 Apportation              Tloc           0%         N/A       100%        1
 Necrotise                Necr           0%         1d4       100%        1
 Blink                    Tloc           0%         N/A       100%        2
 Static Discharge         Conj/Air       0%         3-3/arc   100%        2
 Gell's Gravitas          Tloc           0%         N/A       100%        3
 Ignite Poison            Fire/Tmut/Pois 0%         N/A       100%        3
 Lesser Beckoning         Tloc           0%         N/A       100%        3
 Mephitic Cloud           Conj/Pois/Air  0%         N/A       100%        3
 Portal Projectile        Hex/Tloc       0%         N/A       100%        3
 Teleport Other           Tloc           0%         N/A       100%        3
 Vampiric Draining        Necr           0%         2d6       100%        3
 Airstrike                Air            0%         2d(0-16)  100%        4
 Passage of Golubria      Tloc           0%         N/A       100%        4
 Agony                    Necr           0%         N/A       100%        5
 Blade Hands              Tmut           0%         N/A       100%        5
 Fireball                 Conj/Fire      0%         3d3       100%        5
 Freezing Cloud           Conj/Ice/Air   0%         6-21      100%        5
 Irradiate                Conj/Tmut      0%         3d11      100%        5
 Iskenderun's Battlesphe  Conj           0%         2d6       100%        5
 Lightning Bolt           Conj/Air       0%         1d11      100%        5
 Manifold Assault         Tloc           0%         N/A       100%        5
 Silence                  Hex/Air        0%         N/A       100%        5
 Conjure Ball Lightning   Conj/Air       0%         3x3d6     100%        6
 Iron Shot                Conj/Erth      0%         9d1       100%        6
 Dragon Form              Tmut           0%         N/A       100%        7
 Orb of Destruction       Conj           0%         9d5       100%        7
 Storm Form               Tmut/Air       0%         N/A       100%        7
 Lehudib's Crystal Spear  Conj/Erth      0%         10d2      100%        8
 Summon Small Mammal      Summ           Unusable   N/A       N/A         1
 Call Imp                 Summ           Unusable   N/A       N/A         2
 Tukima's Dance           Hex            Unusable   N/A       N/A         3
 Animate Armour           Summ/Erth      Unusable   N/A       N/A         4
 Summon Lightning Spire   Summ/Air       Unusable   N/A       N/A         4

Dungeon Overview and Level Annotations

Branches:
Dungeon (15/15)            Temple (1/1) D:5            Lair (5/5) D:8
  Swamp (0/4) Lair:2       Spider (0/4) Lair:2        Slime (0/5) Lair:5
    Orc (2/2) D:9             Elf (0/3) Orc:2        Vaults (0/5) D:14
 Depths (2/4) D:15          IceCv (visited)

Altars:
Ashenzari
Cheibriados
Dithmenos
Elyvilon
Fedhas
Gozag
Hepliaklqana
Kikubaaqudgha
Makhleb
Nemelex Xobeh
Okawaru
Qazlal
Ru
Sif Muna
Trog
Uskayaw
Vehumet
Wu Jian
Xom
Yredelemnul
Zin
The Shining One

Shops:
D:3 [   D:9 *   Orc:2 **[?

Portals:
Hell: Depths:1
Abyss: Depths:1

Annotations:
D:13 1 runed translucent door


Innate Abilities, Weirdness & Mutations

You have a pair of horns on your head.
You reflexively headbutt those who attack you in melee.


Message History

Unknown command.
You are too injured to fight recklessly!
You are too injured to fight recklessly!
You are too injured to fight recklessly!
You are too injured to fight recklessly!
You hit the vampire knight.
The vampire knight convulses.
The vampire knight is moderately damaged.
The vampire knight hits you with a +0 great sword!!
You block the vampire knight's attack.
You hit the vampire knight but do no damage.
The vampire knight is moderately damaged.
The vampire knight hits you with a +0 great sword!!
* * * LOW HITPOINT WARNING * * *
The vampire knight bites you.
* * * LOW HITPOINT WARNING * * *
The vampire knight draws strength from your injuries!
You block the vampire knight's attack. The vampire knight closely misses you.
You hit the vampire knight but do no damage.
You headbutt the vampire knight!
The vampire knight is moderately damaged.
The vampire knight hits you but does no damage.
The vampire knight bites you but does no damage.
You hit the vampire knight but do no damage.
The vampire knight is moderately damaged.
The vampire knight hits you with a +0 great sword.
* * * LOW HITPOINT WARNING * * *
You block the vampire knight's attack. x2; The vampire knight bites you.
* * * LOW HITPOINT WARNING * * *
The vampire knight draws strength from your injuries!
The vampire knight attacks as you move away!
The vampire knight hits you with a +0 great sword!
* * * LOW HITPOINT WARNING * * *
The vampire knight closely misses you.
There is a stone staircase leading up, spattered with blood here.
You slash the vampire knight!
Lightning courses through the vampire knight!!
You headbutt the vampire knight, but do no damage.
The vampire knight is severely damaged.
The vampire knight draws life force from you!!
You die...

.# #.# ###.####+
........# ........#
........#####+##
........@.......
>.....[V........
#...................
+.............../...
#...................
#...................
#...................
#...........##+#####
##+#.........).#


You could see a vampire knight (fast).

Vanquished Creatures
  A lich (Depths:1)
  A sphinx (Depths:1)
  Frances (D:12)
  Kirke (Lair:4)
  A fenstrider witch (D:14)
  A spectral juggernaut (Depths:1)
  An ironbound preserver (D:14)
  3 very ugly things (D:15)
  2 stone giants (Depths:1)
  3 vampire knights (Depths:1)
  Nessos (Lair:5)
  An ettin (Depths:1)
  A fire dragon (Depths:1)
  Fannar (Lair:1)
  12 hydras
  5 ice dragons
  An ogre mage (D:13)
  8 centaur warriors
  2 boulder beetles
  Harold (D:9)
  3 two-headed ogres
  3 deep troll shamans
  A tengu warrior (D:14)
  5 orc high priests (Orc:2)
  A deep troll earth mage (Depths:2)
  6 deep trolls
  2 iron trolls (Depths:1)
  3 skeletal warriors (D:14)
  2 phantasmal warriors (Depths:1)
  7 orc knights
  A wizard (D:15)
  16 ugly things
  6 orc sorcerers
  6 elephants
  2 cyclopes
  A salamander (shapeshifter) (D:13)
  2 cyclopes (shapeshifter)
  3 manticores
  4 black mambas
  2 molten gargoyles (Lair:3)
  3 ice statues
  8 cane toads
  Maggie (D:9)
  4 gargoyles
  5 rime drakes
  5 komodo dragons
  2 unseen horrors
  An efreet (D:14)
  3 tengu conjurers
  7 polar bears
  2 trolls
  7 hornets
  20 blink frogs
  5 slime creatures
  A dream sheep (Lair:5)
  A shadow (D:11)
  3 centaur simulacra (D:13)
  12 spriggans (Lair:5)
  A water elemental (D:13)
  21 yaks
  3 wraiths
  A basilisk (Lair:1)
  6 hogs
  2 vampires
  5 wyverns
  2 steam dragons
  8 vampire mosquitoes
  A redback simulacrum (D:14)
  A death yak simulacrum (IceCv)
  3 acid dragons
  Edmund (D:6)
  A floating eye (D:14)
  12 water moccasins
  26 orc warriors
  13 ice beasts
  5 black bears (Lair:5)
  3 ogres
  8 boggarts
  31 wolves
  14 centaurs
  3 phantoms
  6 kobold brigands
  8 bullfrogs
  3 gnoll sergeants
  2 cane toad simulacra (IceCv)
  A necrophage (D:8)
  5 scorpions
  9 wights
  An elephant simulacrum (IceCv)
  4 howler monkeys
  An electric eel (D:8)
  10 jellies
  5 lava snakes (Lair:3)
  35 orc priests
  A gnoll bouda (D:8)
  3 hounds
  Natasha (twice) (D:3)
  3 iguanas
  19 orc wizards
  5 hell rats (Lair:4)
  A wolf simulacrum (IceCv)
  40 gnolls
  9 adders
  3 ufetubi
  3 worms (Lair:2)
  6 dart slugs
  73 orcs
  10 ball pythons
  7 bats
  15 endoplasms
  4 giant cockroaches
  10 goblins
  7 hobgoblins
  11 jackals
  9 quokkas
  2 frilled lizards
  34 kobolds
  8 rats
760 creatures vanquished.

Vanquished Creatures (others)
  A wizard (D:14)
  An iguana (D:4)
  A giant cockroach (D:4)
  A kobold (D:4)
  38 fungi
  38 plants
80 creatures vanquished.

Grand Total: 840 creatures vanquished

Notes
Turn   | Place    | Note
-------+----------+-------------------------------------------
     0 | D:1      | EarthwalkerPL the Minotaur Fighter began the quest for the
                  | Orb.
     0 | D:1      | Reached XP level 1. HP: 19/19 MP: 0/0
   161 | D:1      | Reached XP level 2. HP: 27/27 MP: 1/1
   435 | D:1      | Reached XP level 3. HP: 28/33 MP: 2/2
   550 | D:1      | Found a faded altar of an unknown god.
  1432 | D:2      | Reached XP level 4. HP: 41/41 MP: 3/3
  2063 | D:3      | Found Xadekh's Antique Armour Shop.
  2178 | D:3      | Noticed Natasha
  2194 | D:3      | Killed Natasha
  2195 | D:3      | Reached skill level 5 in Armour
  2195 | D:3      | Reached XP level 5. HP: 26/47 MP: 4/4
  2293 | D:3      | Reached skill level 5 in Fighting
  2364 | D:3      | Found a sparkling altar of Nemelex Xobeh.
  2589 | D:3      | Noticed Natasha
  2598 | D:3      | Killed Natasha
  2719 | D:4      | Found an opulent altar of Gozag.
  2911 | D:4      | Reached XP level 6. HP: 42/56 MP: 5/5
  3531 | D:4      | Reached skill level 5 in Axes
  3531 | D:4      | Found a shimmering altar of Xom.
  3772 | D:5      | Entered Level 5 of the Dungeon
  3782 | D:5      | Reached XP level 7. HP: 56/63 MP: 6/6
  3825 | D:5      | Reached skill level 5 in Shields
  3935 | D:5      | Found Ymymuwal's Jewellery Emporium.
  4376 | D:5      | Found a hide-covered altar of Uskayaw.
  4464 | D:5      | Found a staircase to the Ecumenical Temple.
  4476 | Temple   | Entered the Ecumenical Temple
  4537 | D:5      | Found an iron altar of Okawaru.
  4541 | D:5      | Became a worshipper of Warmaster Okawaru
  5001 | D:6      | Reached XP level 8. HP: 73/73 MP: 7/7
  5317 | D:6      | Noticed Edmund
  5339 | D:6      | Killed Edmund
  5339 | D:6      | Reached * piety under Okawaru
  5853 | D:6      | Found a blossoming altar of Fedhas.
  6294 | D:3      | Bought a pair of glowing gloves for 217 gold pieces
  6486 | D:7      | Reached ** piety under Okawaru
  6735 | D:7      | Reached skill level 1 in Dodging
  6735 | D:7      | Reached XP level 9. HP: 61/81 MP: 8/8
  6736 | D:7      | Reached skill level 1 in Throwing
  6736 | D:7      | Reached skill level 1 in Invocations
  8260 | D:8      | Reached *** piety under Okawaru
  8412 | D:8      | Identified the +4 pair of boots of Zumitits {rC++}
  8414 | D:8      | Found a staircase to the Lair.
  8799 | D:8      | Found a hazy altar of Hepliaklqana.
  8799 | D:8      | Found a bloodstained altar of Trog.
  9071 | D:9      | Found a staircase to the Orcish Mines.
  9117 | D:8      | Reached XP level 10. HP: 86/91 MP: 10/10
  9117 | D:8      | Reached **** piety under Okawaru
  9189 | D:9      | Noticed Harold
  9217 | D:9      | Killed Harold
  9217 | D:9      | Received a gift from Okawaru
  9384 | D:9      | Found Xosonyur's Sacrilege Store.
  9460 | D:9      | Reached skill level 10 in Armour
  9615 | D:9      | Found a glowing silver altar of Zin.
  9620 | D:9      | Found a snail-covered altar of Cheibriados.
  9647 | D:9      | Noticed Maggie
  9663 | D:9      | Killed Maggie
  9664 | D:9      | Reached skill level 10 in Fighting
  9780 | D:10     | Entered Level 10 of the Dungeon
  9809 | D:10     | Reached ***** piety under Okawaru
  9983 | D:10     | Got The Foundations of Spellweaving
 10071 | D:10     | Noticed a gargoyle
 10100 | D:10     | Killed a gargoyle
 10257 | D:10     | Received a gift from Okawaru
 10257 | D:10     | Found the +7 Spriggan's Knife {stab, EV+4 Stlth+}
 10821 | D:10     | Noticed a manticore
 10832 | D:10     | Killed a manticore
 10833 | D:10     | Reached skill level 10 in Axes
 11019 | D:10     | Found a glowing golden altar of the Shining One.
 11104 | D:11     | Noticed a gargoyle
 11116 | D:11     | Killed a gargoyle
 11137 | D:11     | Found an iron altar of Okawaru.
 11148 | D:11     | Found a frozen archway.
 11160 | D:11     | Reached XP level 11. HP: 83/101 MP: 12/12
 11193 | IceCv    | Entered an ice cave
 11193 | IceCv    | Noticed a white ugly thing
 11208 | IceCv    | Killed a white ugly thing
 11485 | IceCv    | Found a transporter.
 11489 | IceCv    | Noticed a white ugly thing
 11497 | IceCv    | Found a transporter.
 11554 | IceCv    | Killed a white ugly thing
 11727 | IceCv    | Identified the +6 short sword of Gloom {freeze, rElec rC-
                  | Int+6}
 12016 | D:11     | Noticed a four-headed hydra
 12132 | Lair:1   | Entered Level 1 of the Lair of Beasts
 12144 | Lair:1   | Received a gift from Okawaru
 12289 | Lair:1   | Noticed Fannar
 12312 | Lair:1   | Killed Fannar
 12312 | Lair:1   | Received a gift from Okawaru
 12622 | Lair:1   | Reached skill level 5 in Dodging
 12696 | Lair:1   | Received a gift from Okawaru
 12873 | Lair:1   | Identified the +9 hand crossbow of Waushryes {speed, Int+7
                  | Dex+4 Stlth-} (Okawaru gifted it to you on level 1 of the
                  | Lair of Beasts)
 12873 | Lair:1   | Received a gift from Okawaru
 13057 | Lair:1   | Reached skill level 1 in Ranged Weapons
 13354 | Lair:1   | Noticed an eight-headed hydra
 13380 | Lair:1   | Killed an eight-headed hydra
 14278 | Lair:2   | Reached XP level 12. HP: 83/111 MP: 14/14
 14558 | Lair:2   | Reached skill level 5 in Invocations
 14623 | Lair:2   | Found a hole to the Spider Nest.
 14633 | Lair:2   | Reached skill level 5 in Throwing
 14659 | Lair:2   | Found a staircase to the Swamp.
 14659 | Lair:2   | Noticed a five-headed hydra
 14731 | Lair:2   | Killed a five-headed hydra
 14731 | Lair:2   | Received a gift from Okawaru
 15917 | Lair:3   | Noticed a four-headed hydra
 15923 | Lair:3   | Killed a four-headed hydra
 16578 | Lair:4   | Noticed a seven-headed hydra
 16586 | Lair:4   | Killed a seven-headed hydra
 16716 | Lair:4   | Noticed Kirke
 16733 | Lair:3   | Received a gift from Okawaru
 16783 | Lair:4   | Killed Kirke
 17215 | Lair:4   | Noticed a boulder beetle
 17231 | Lair:4   | Killed a boulder beetle
 17231 | Lair:4   | Reached ****** piety under Okawaru
 17232 | Lair:4   | Reached skill level 5 in Ranged Weapons
 17243 | Lair:4   | Noticed a six-headed hydra
 17245 | Lair:4   | Reached XP level 13. HP: 49/119 MP: 16/16
 18222 | Lair:5   | Entered Level 5 of the Lair of Beasts
 18455 | Lair:5   | Received a gift from Okawaru
 19142 | Lair:5   | Found a staircase to the Slime Pits.
 19291 | Lair:5   | Noticed Nessos
 19299 | Lair:5   | Killed Nessos
 19300 | Lair:5   | Reached skill level 10 in Shields
 20501 | Lair:5   | Received a gift from Okawaru
 21144 | Lair:5   | Identified the ring "Joef" {Wiz rElec}
 21164 | Lair:5   | Reached XP level 14. HP: 68/130 MP: 18/18
 22647 | D:12     | Noticed Frances
 22662 | D:12     | Killed Frances
 23697 | D:13     | Received a gift from Okawaru
 23870 | D:13     | Identified the +9 plate armour of Lethargy {-Cast rPois
                  | rCorr Int-5} (Okawaru gifted it to you on level 13 of the
                  | Dungeon)
 23870 | D:13     | Received a gift from Okawaru
 24467 | D:13     | Found a runed translucent door.
 24468 | D:13     | Noticed a vampire knight
 24469 | D:13     | Noticed a vampire knight
 24856 | D:13     | Identified the +0 robe of Kikubaaqudgha, Loving {Harm
                  | Int+2}
 25656 | D:14     | Noticed an ironbound preserver
 25798 | D:14     | Paralysed by a floating eye for 3 turns
 25887 | D:14     | Noticed a fenstrider witch
 25897 | D:14     | Killed a fenstrider witch
 26584 | D:14     | Killed an ironbound preserver
 26675 | D:14     | Found a gate to the Vaults.
 26744 | D:15     | Entered Level 15 of the Dungeon
 26909 | D:15     | Reached XP level 15. HP: 139/139 MP: 19/19
 26912 | D:15     | Identified the -1 pair of gloves of Limited Liability {+Inv
                  | Regen+} (Okawaru gifted it to you on level 15 of the
                  | Dungeon)
 26912 | D:15     | Received a gift from Okawaru
 27042 | D:15     | Identified the +5 quarterstaff "Xyhouronwo" {vorpal, *Rage
                  | rElec rC+ Stlth+}
 27264 | D:15     | Reached skill level 15 in Armour
 27272 | D:15     | Found a staircase to the Depths.
 27547 | Orc:1    | Entered Level 1 of the Orcish Mines
 27789 | Orc:2    | Entered Level 2 of the Orcish Mines
 27980 | Orc:2    | Found a staircase to the Elven Halls.
 28453 | Orc:2    | Reached skill level 15 in Fighting
 28799 | Orc:2    | Found Woc Cyiph's General Store.
 28799 | Orc:2    | Found Qyolo's Assorted Antiques.
 28800 | Orc:2    | Found Kuotal's Magic Scroll Shop.
 28800 | Orc:2    | Found Raoxtall's Antique Armour Boutique.
 29011 | Depths:1 | Entered Level 1 of the Depths
 29156 | Depths:1 | Reached skill level 15 in Axes
 29167 | Depths:1 | Received a gift from Okawaru
 29356 | Depths:1 | Noticed a lich
 29371 | Depths:1 | Killed a lich
 29371 | Depths:1 | Received a gift from Okawaru
 29412 | Depths:1 | Noticed a sphinx
 29423 | Depths:1 | Killed a sphinx
 29460 | Depths:1 | Found a basalt altar of Yredelemnul.
 29519 | Depths:1 | Found a one-way gate to the infinite horrors of the Abyss.
 29521 | Depths:1 | Identified the +2 scale mail of Nihilism {Str+6 Slay+4}
                  | (Okawaru gifted it to you on level 1 of the Depths)
 29521 | Depths:1 | Received a gift from Okawaru
 29522 | Depths:1 | Reached skill level 10 in Ranged Weapons
 29596 | Depths:1 | Found a gateway to Hell.
 30074 | Depths:1 | Paralysed by a vampire knight for 2 turns
 30336 | Depths:1 | Reached XP level 16. HP: 100/150 MP: 21/21
 30471 | Depths:2 | Killed from afar by a vampire knight

Illustrated notes

Levels and vault maps discovered:
D:1:      roderic_crop_circles_arrival_small, layout_rooms,
          hellmonk_ecumenical_altar_slurped_away, minmay_octomino_c4
D:2:      layout_loops_cross
D:3:      layout_rooms, mainiacjoe_overflow_alcove_1, serial_shops,
          nicolae_shop_waterfront, grunt_ministairs_1, kennysheep_potato,
          uniq_natasha
D:4:      layout_basic, mainiacjoe_overflow_tiny_flanked, xom_confusion_cloud
D:5:      layout_basic, nicolae_uskayaw_suspiria, overflow_temple_1_default,
          minmay_temple_entry_wispy, kennysheep_windowed_goal
D:6:      layout_loops_corners, mainiacjoe_overflow_paths, uniq_edmund
D:7:      layout_basic
D:8:      cheibrodos_helix_gallery, layout_rooms,
          mainiacjoe_overflow_divided_tiny, lair_entry_dummy
D:9:      layout_rooms, mainiacjoe_overflow_big_doors, orc_0_dummy,
          nicolae_evil_shop, uniq_maggie, uniq_harold
D:10:     layout_irregular_city, lemuel_coloured_pillars_altar
D:11:     layout_loops_ring, portal_ice_cave_rime, okawaru_metal_pillars_3
D:12:     layout_loops_ring, uniq_frances
D:13:     minmay_spotlight, layout_long_grid, serial_ice, serial_ice_k,
          serial_ice_b, serial_ice_n, serial_ice_m, serial_ice_a, serial_ice_h,
          minmay_hidden_floor
D:14:     hellmonk_paralyzer, layout_irregular_city,
          skrybe_vaults_entry_preservation
D:15:     grunt_enter_depths_hoard, layout_long_grid, nrook_uturn,
          chequers_serial_rivers_small_a
Temple:   hellmonk_temple_of_storms
Lair:1:   layout_cave_pods, serial_bayou_shore_b, uniq_fannar
Lair:2:   lemuel_slime, layout_concentric_octagons, minmay_swamp_entry_reptiles,
          nicolae_spider_entry_non_spiders
Lair:3:   cheibrodos_magma_flow, layout_long_grid, grunt_megastairs_1
Lair:4:   layout_cave_pods, uniq_kirke
Lair:5:   minmay_lair_end_enchanted_forest, layout_layer_cave,
          dpeg_slime_entry_enclosed, ice2_lemuel, lemuel_fruit_tree, uniq_nessos
Orc:1:    layout_caves, uniq_snorg
Orc:2:    st_orc_pillars, layout_diamond_mine
Depths:1: layout_small_grid, abyss_entry_crystal, pf_coc_iceberg,
          nicolae_twisting_strands, glass_columns_a, nrook_mini_backslash,
          yredelemnul_forgotten_temple_becter
Depths:2: angbandy_vault, layout_gridlike, nicolae_trove_entry_free_sample,
          pf_vacation_house_of_asmodeus, rand_demon_pan_entry_8

Skill      XL: |  1  2  3  4  5  6  7  8  9 10 11 12 13 14 15 |
---------------+----------------------------------------------+-----
Armour         | 4 5 6 7 8 9 10 11 12 13 14 15 | 15.8
Fighting       | 4 5 6 7 8 9 10 11 12 13 14 15 | 15.7
Axes           | 3 4 5 6 7 8 10 11 12 13 14 15 | 15.5
Shields        | 4 5 6 7 8 9 10 11 | 11.6
Dodging        | 1 2 4 5 6 7 8 9 |  9.1
Throwing       | 2 3 4 5 6 7 8 |  8.2
Invocations    | 2 3 4 5 6 7 8 |  8.4
Ranged Weapons | 2 5 7 8 10 | 10.4

Action                   |  1- 3 |  4- 6 |  7- 9 | 10-12 | 13-15 | 16-18 || total
-------------------------+-------+-------+-------+-------+-------+-------++-------
Melee: War axe           |    79 |   166 |   288 |    51 |       |       ||   584
       Headbutt          |     7 |    15 |    63 |    90 |    84 |     5 ||   264
       Broad axe         |       |       |       |   363 |   382 |    23 ||   768
 Fire: Hand crossbow     |       |       |       |   169 |  1025 |       ||  1194
Throw: Dart              |       |       |     2 |    30 |    12 |       ||    44
  Use: Scroll            |       |       |     6 |    13 |    17 |       ||    36
       Potion            |       |       |       |     1 |       |       ||     1
 Stab: Confused          |       |       |       |       |     3 |       ||     3
Armor: Scale mail        |    53 |    69 |   136 |   246 |   199 |       ||   703
       Plate armour      |       |       |       |       |   382 |    33 ||   415
Dodge: Dodged            |    39 |    87 |   217 |   378 |   696 |    22 ||  1439
Block: Buckler           |    23 |    54 |    93 |    43 |       |       ||   213
       Kite shield       |       |       |       |   249 |   741 |    22 ||  1012
